 Dungeon Crawl Stone Soup version 0.30-a0-311-gf115ab0292 (webtiles) character file.

Game seed: 850255459333346096

13177 kae the Grappler (level 11, -2/112 HPs)
             Began as a White Draconian Transmuter on Oct 25, 2022.
             Was an Initiate of Ru.
             Slain by a tengu warrior
             ... wielding a +2 glaive
              (17 damage)
             ... on level 11 of the Dungeon.
             The game lasted 00:14:26 (13427 turns).

kae the Grappler (White Draconian Transmuter)      Turns: 13427, Time: 00:14:27

Health: -2/112     AC:  9    Str: 13    XL:     11   Next: 72%
Magic:  0/21       EV: 11    Int: 17    God:    Ru [......]
Gold:   1879       SH:  0    Dex: 12    Spells: 14/24 levels left

rFire   x . .      SeeInvis .      - Unarmed
rCold   + + +      Faith    .    (shield currently unavailable)
rNeg    . . .      Spirit   +    (body armour unavailable)
rPois   +          Reflect  .    (helmet currently unavailable)
rElec   .          Harm     .    (cloak currently unavailable)
rCorr   .          Rampage  .    (gloves currently unavailable)
Will    .....                    (boots currently unavailable)
Stlth   +.........               G - amulet of guardian spirit
HPRegen 0.38/turn                P - ring of poison resistance
MPRegen 0.17/turn                Y - +4 ring of slaying

@: ice-form
A: freezing attack, amphibious, boosted hp, (breathe frost), AC +7, large,
unfitting armour, (cold resistance 1), no potion heal 1, (cold-blooded)
a: End Transformation, Renounce Religion


You were on level 11 of the Dungeon.
You worshipped Ru.
Ru was noncommittal.
You were a creature of crystalline ice.
You visited 2 branches of the dungeon, and saw 13 of its levels.
You also visited: Sewer.

You collected 2088 gold pieces.
You spent 209 gold pieces at shops.


Innate Abilities, Weirdness & Mutations

You are a creature of crystalline ice.
You have a powerful freezing melee attack.
You are amphibious.
Your maximum health is increased.
Your armour is entirely melded.
You are incapable of wielding weapons or throwing items.
((You can breathe waves of freezing cold which knock back foes.))
((Your icy white scales are hard. (AC +7)))
You cannot fit into any form of body armour.
((Your flesh is cold resistant. (rC+)))
Potions are less effective at restoring your health.
((You are cold-blooded and may be slowed by cold attacks.))


   Skills:
 + Level 8.0 Fighting
 + Level 4.8 Dodging
 * Level 10.9 Unarmed Combat
 + Level 7.0 Spellcasting
 * Level 9.2 Transmutations
 + Level 7.9 Ice Magic


You had 14 spell levels left.
You knew the following spells:

 Your Spells              Type           Power      Damage    Failure   Level
a - Beastly Appendage     Tmut           74%        N/A       1%          1
b - Wereblood             Tmut           37%        N/A       1%          2
c - Spider Form           Tmut/Pois      21%        N/A       5%          3
d - Ice Form              Ice/Tmut       35%        N/A       3%          4

Your spell library contained the following spells:

 Spells                   Type           Power      Damage    Failure   Level
 Ozocubu's Armour         Ice            32%        N/A       1%          3
 Kiss of Death            Conj/Necr      20%        2d7       12%         1
 Confusing Touch          Hex            5%         N/A       34%         3
 Stone Arrow              Conj/Erth      10%        3d7       34%         3
 Dispel Undead            Necr           5%         3d7       75%         4
 Ozocubu's Refrigeration  Ice            16%        4d11      98%         7
 Lehudib's Crystal Spear  Conj/Erth      2%         10d2      100%        8
 Animate Armour           Summ/Erth      Unusable   N/A       N/A         4

Inventory:

Hand Weapons
 n - a +2 dagger of venom
   (You took it off a goblin on level 3 of the Dungeon)
Missiles
 f - 99 stones
 k - 5 atropa-tipped darts
 m - 2 boomerangs
 y - 3 curare-tipped darts {=f}
 A - 23 poisoned darts
 D - 2 javelins
Armour
 p - a +1 pair of boots (melded)
   (You found it on level 3 of the Dungeon)
 q - a +2 cloak of poison resistance (melded)
   (You took it off Crazy Yiuf on level 7 of the Dungeon)
 u - a +0 pair of gloves (melded)
   (You found it on level 4 of the Dungeon)
 I - a +2 hat
   (You found it on level 12 of the Dungeon)
Magical Staves
 z - a staff of conjuration {!a}
   (You took it off a kobold demonologist on level 11 of the Dungeon)
Jewellery
 e - an amulet of magic regeneration
   (You found it on level 5 of the Dungeon)
 t - an amulet of reflection
   (You found it on level 4 of the Dungeon)
 C - a ring of protection from cold
   (You found it on level 6 of the Dungeon)
 G - an amulet of guardian spirit (around neck)
   (You found it on level 1 of the Dungeon)
 P - a ring of poison resistance (left front paw)
   (You found it on level 10 of the Dungeon)
 Y - a +4 ring of slaying (right front paw)
   (You found it on level 7 of the Dungeon)
Wands
 b - a wand of roots (12)
   (You found it on level 3 of the Dungeon)
 o - a wand of paralysis (2)
   (You took it off a kobold on level 4 of the Dungeon)
 E - a wand of polymorph (15)
   (You took it off Pikel on level 6 of the Dungeon)
 M - a wand of mindburst (9)
   (You found it on level 10 of the Dungeon)
 N - a wand of flame (1)
   (You found it on level 10 of the Dungeon)
Scrolls
 g - 13 scrolls of teleportation {@r4}
 r - a scroll of enchant weapon
 s - 5 scrolls of identify {@r1}
 v - a scroll of butterflies
 x - 2 scrolls of enchant armour
 F - 2 scrolls of vulnerability {!r!r}
 H - 2 scrolls of amnesia
 K - a scroll of magic mapping {!r}
Potions
 a - 3 potions of lignification {!q}
 c - 6 potions of curing {@q1}
 d - a potion of ambrosia
 h - 3 potions of attraction {!q}
 i - 2 potions of degeneration {!q}
 j - 5 potions of mutation {!q}
 l - 2 potions of haste {@q3}
 w - a potion of brilliance
 B - 3 potions of resistance
 Q - a potion of flight
Miscellaneous
 O - a condenser vane
   (You found it on level 10 of the Dungeon)

Dungeon Overview and Level Annotations

Branches:
Dungeon (12/15) Zot: 23958  Temple (1/1) D:6 Zot: 5944    Lair (0/5) D:9
    Orc (0/2) D:9           Sewer (visited)

Altars:
Ashenzari
Cheibriados
Dithmenos
Elyvilon
Fedhas
Gozag
Hepliaklqana
Kikubaaqudgha
Makhleb
Nemelex Xobeh
Okawaru
Qazlal
Ru
Sif Muna
Trog
Uskayaw
Vehumet
Wu Jian
Xom
Yredelemnul
Zin
The Shining One

Shops:
D:1 :   D:2 !   D:6 [   D:10 =

Annotations:
D:9 1 runed translucent door
D:11 1 runed translucent door

................#...# #.#.##.
..#########[#.#.##..# #.#.##.
.#.#....#..##.#.....# #.#....
.#..##..#..##.##....# #.#....
.##.##....##...#....# #......
..#.......##...##...# #.#.###
..##...#.##.#+#.#...# #.#.###
...#.#...##.#.#.##..#######.#..##
[..###..##.##.##Y#.......##.##>##
.<..#...##.#...#c##..........#.#.
...†##.##.##...##Q#.....<##......
.##..#.# .#:... k##.######.##.#.
.....#.# ##### #c#.######......
.....##. H#..#.......### ......#.
.##.#.#####.# ......##
##...#####.## ....#..#
##.....#...##


You could see a wind drake shaped shifter, a tengu warrior, 2 centaur warriors
and a manticore.


Message History

You hear a shout!
Things that are here:
a +0 giant spiked club; a +0 giant spiked club 😮 HP[-11] MP[-1]
You take 11 damage, and now have 64/112 hp.
You lost 1 mp, and now have 10/21 mp.
A centaur warrior comes into view.
It is wearing the ring "Yloevyr" {rC+ Will+ Str+2 Slay+4}.
The golden eye blinks!
The centaur warrior unwields a +0 shortbow.
The centaur warrior hits you.
The centaur warrior kicks you but does no damage. 😮 HP[-3] MP[-1]
You take 3 damage, and now have 61/112 hp.
You lost 1 mp, and now have 9/21 mp.
The centaur warrior shouts!
You pummel the centaur warrior!! You freeze the centaur warrior.
The golden eye blinks at you.
You are confused.
The centaur warrior hits you!
* * * LOW HITPOINT WARNING * * *
The centaur warrior closely misses you.
The golden eye blinks! 😨 HP[-6] MP[-1]
You take 6 damage, and now have 55/112 hp.
You lost 1 mp, and now have 8/21 mp.
The centaur warrior hits you!
* * * LOW HITPOINT WARNING * * *
The centaur warrior kicks you.
* * * LOW HITPOINT WARNING * * *
A death drake comes into view.
Things that are here:
a +0 giant spiked club; a +0 giant spiked club 😨 HP[-7] MP[-1]
You take 7 damage, and now have 48/112 hp.
You lost 1 mp, and now have 7/21 mp.
You hit the centaur warrior but do no damage.
The centaur warrior misses you.
The centaur warrior kicks you but does no damage.
You barely miss the centaur warrior.
The centaur warrior hits you but does no damage.
The centaur warrior kicks you but does no damage.
A centaur warrior comes into view.
It is wearing the ring of Hamios {rF+ Dex+4}. 😨 HP[+1]
You bump into the stone wall.
The centaur warrior hits you!
* * * LOW HITPOINT WARNING * * *
The centaur warrior kicks you but does no damage.
The centaur warrior hits you.
* * * LOW HITPOINT WARNING * * *
The centaur warrior kicks you but does no damage. 😨 HP[-9]
You take 9 damage, and now have 40/112 hp.
You punch the centaur warrior! You freeze the centaur warrior.
A manticore comes into view.
The centaur warrior hits you but does no damage.
The centaur warrior barely misses you. 😨 MP[+1] Unknown command.
You bump into the stone wall.
You feel less confused. The centaur warrior hits you!
* * * LOW HITPOINT WARNING * * *
The centaur warrior barely misses you. The centaur warrior hits you.
* * * LOW HITPOINT WARNING * * *
The centaur warrior kicks you but does no damage. 😨 HP[-9] MP[-2]
You take 9 damage, and now have 31/112 hp.
You lost 2 mp, and now have 6/21 mp.
You punch the centaur warrior! You freeze the centaur warrior.
The death drake changes into a wind drake!
The centaur warrior hits you.
* * * LOW HITPOINT WARNING * * *
The centaur warrior kicks you but does no damage. 😨 HP[-1] MP[-1]
You take 1 damage, and now have 30/112 hp.
You lost 1 mp, and now have 5/21 mp.
You pummel the centaur warrior!! You freeze the centaur warrior.
You kill the centaur warrior!
The centaur warrior hits you.
* * * LOW HITPOINT WARNING * * *
The centaur warrior kicks you but does no damage.
Your Spellcasting skill increases to level 7! 😱 HP[-3]
You take 3 damage, and now have 27/112 hp.
You punch the centaur warrior! You freeze the centaur warrior.
The centaur warrior hits you.
* * * LOW HITPOINT WARNING * * *
The centaur warrior kicks you but does no damage.
Unknown command. 😱 HP[-3] MP[-1]
You take 3 damage, and now have 24/112 hp.
You lost 1 mp, and now have 4/21 mp.
You punch the centaur warrior! You freeze the centaur warrior.
The tengu warrior hits you from afar with a +2 glaive!
* * * LOW HITPOINT WARNING * * *
The centaur warrior barely misses you. x2 😱 HP[-9] MP[-2]
You take 9 damage, and now have 15/112 hp.
You lost 2 mp, and now have 2/21 mp.
You hit the centaur warrior.
The tengu warrior hits you from afar with a +2 glaive!!
You die...

Skill      XL: |  1  2  3  4  5  6  7  8  9 10 11 |
---------------+----------------------------------+-----
Fighting       | 2 3 4 5 6 7 8 |  8.0
Unarmed Combat | 4 5 6 7 8 10 | 10.9
Spellcasting   | 3 4 5 6 7 |  7.0
Transmutations | 3 4 5 6 8 9 |  9.2
Ice Magic      | 4 5 7 |  7.9
Dodging        | 2 4 |  4.8

Action                   |  1- 3 |  4- 6 |  7- 9 | 10-12 || total
-------------------------+-------+-------+-------+-------++-------
Melee: Unarmed           |    86 |    56 |   192 |   207 ||   541
       Kick              |    19 |     1 |    19 |       ||    39
       Headbutt          |    11 |     2 |    18 |       ||    31
       Tailslap          |    10 |     4 |    17 |       ||    31
       Dagger            |    15 |    42 |   185 |       ||   242
       Punch             |     1 |     2 |     6 |       ||     9
 Cast: Beastly Appendage |    27 |     5 |    14 |       ||    46
       Spider Form       |       |    11 |     9 |       ||    20
       Ice Form          |       |       |    13 |    27 ||    40
Invok: Sacrifice Purity  |       |       |       |     1 ||     1
 Abil: Breathe Frost     |       |       |     5 |       ||     5
Evoke: Wand              |       |     1 |     4 |       ||     5
  Use: Scroll            |     8 |     3 |     7 |     7 ||    25
       Potion            |       |       |     2 |     1 ||     3
Armor: Skin              |    31 |    14 |   129 |    80 ||   254
Dodge: Dodged            |    60 |    75 |   246 |   114 ||   495

Levels and vault maps discovered:
D:1:      saegor_arrival_simple_e, layout_rooms, nicolae_shop_vocational
D:2:      layout_basic, shapermc_ecumenical_altar_mp_highgroup, serial_shops,
          shop, chequers_serial_rivers_large_b, grunt_ministairs_14
D:3:      layout_basic, overflow_temple_1_default,
          mainiacjoe_overflow_concentric_impassable
D:4:      layout_rooms, lemuel_crystal_altar, minmay_circle_x
D:5:      layout_layer_cave, portal_sewer_entry_b, kennysheep_pointless_box,
          minmay_diced_spiral, uniq_ijyb
D:6:      layout_basic, grunt_temple_overflow_open, kennysheep_mini_moat,
          minmay_temple_entry_trees, serial_shops, shop,
          chequers_serial_rivers_micro_a, uniq_pikel
D:7:      layout_rooms, st_stairs_5, uniq_menkaure, uniq_crazy_yiuf_cottage
D:8:      layout_rooms, jmf_multi_god_temple2, hangedman_abyss_or_decor_clamps,
          uniq_psyche
D:9:      cheibrodos_shockbox, layout_rooms, lair_entry_dummy, orc_0_dummy
D:10:     layout_layer_cave, serial_park_tiny_1, minivault_26,
          nicolae_shop_unique_rings
D:11:     minmay_the_grid_triangle_9x9_rhombus_thin
          [minmay_the_grid_triangle_9x9_semitri,
          minmay_the_grid_triangle_9x9_prize_special,
          minmay_the_grid_triangle_9x9_swiss_cheese,
          minmay_the_grid_triangle_9x9_subtriangle], layout_loops_cross,
          minmay_nine_imps
D:12:     layout_layer_cave, hangedman_decor_growths
Temple:   nicolae_temple_ecumenical_triangle

Notes
Turn   | Place    | Note
-------+----------+-------------------------------------------
     0 | D:1      | kae the Draconian Transmuter began the quest for the Orb.
     0 | D:1      | Reached XP level 1. HP: 16/16 MP: 3/3
     0 | D:1      | magus.rc [v1.11.3]
    58 | D:1      | Reached XP level 2. HP: 19/23 MP: 3/5
   382 | D:1      | Found Yckua's Vocational Training.
   486 | D:1      | Reached XP level 3. HP: 12/29 MP: 4/6
   489 | D:1      | Learned a level 2 spell: Wereblood
   493 | D:1      | Learned a level 3 spell: Spider Form
   719 | D:2      | Identified a scroll of acquirement
   719 | D:2      | Acquired 1128 gold pieces
  1014 | D:2      | Found Bonwoco's Distillery.
  1344 | D:2      | Found a faded altar of an unknown god.
  1432 | D:2      | Bought a potion of curing for 33 gold pieces
  1432 | D:2      | Bought a potion of curing for 33 gold pieces
  1432 | D:2      | Bought a potion of haste for 110 gold pieces
  1432 | D:2      | Bought a potion of lignification for 33 gold pieces
  1717 | D:3      | Found a broken altar of Ashenzari.
  1743 | D:3      | Reached skill level 2 in Fighting
  1765 | D:3      | Found an ancient bone altar of Kikubaaqudgha.
  1782 | D:3      | Reached XP level 4. HP: 34/36 MP: 4/7
  1829 | D:3      | Reached skill level 4 in Unarmed Combat
  1947 | D:4      | Found an ornate altar of the Wu Jian Council.
  1978 | D:4      | HP: 6/36 [orc priest/divine providence (11)]
  2287 | D:4      | Reached XP level 5. HP: 31/42 MP: 4/9
  2453 | D:4      | Reached skill level 3 in Spellcasting
  2453 | D:4      | Reached skill level 3 in Transmutations
  2723 | D:4      | Reached skill level 3 in Fighting
  2723 | D:4      | Reached skill level 5 in Unarmed Combat
  2723 | D:4      | Reached XP level 6. HP: 38/51 MP: 5/10
  3242 | D:5      | Entered Level 5 of the Dungeon
  3254 | D:4      | Your scales start taking on an icy white colour.
  3254 | D:4      | Reached XP level 7. HP: 51/57 MP: 8/12
  3254 | D:4      | Gained mutation: Your flesh is cold resistant. (rC+) [White
                  | Draconian growth]
  3329 | D:5      | Noticed Ijyb
  3444 | D:5      | Killed Ijyb
  3453 | D:5      | Reached skill level 6 in Unarmed Combat
  3453 | D:5      | Reached skill level 4 in Transmutations
  3459 | D:5      | Reached skill level 4 in Fighting
  3565 | D:5      | Reached skill level 4 in Spellcasting
  3592 | D:5      | Reached XP level 8. HP: 37/67 MP: 4/14
  3608 | D:5      | Learned a level 4 spell: Ice Form
  3702 | D:5      | Found a glowing drain.
  3717 | Sewer    | Entered a sewer
  4026 | Sewer    | Reached skill level 1 in Ice Magic
  4155 | Sewer    | Reached skill level 7 in Unarmed Combat
  4301 | Sewer    | Reached skill level 2 in Ice Magic
  4381 | Sewer    | Reached skill level 5 in Fighting
  4553 | Sewer    | Reached skill level 5 in Transmutations
  4578 | Sewer    | Reached skill level 3 in Ice Magic
  5515 | D:5      | You add the spells Ozocubu's Armour and Ozocubu's
                  | Refrigeration to your library.
  6049 | D:6      | Noticed a hornet
  6057 | D:6      | Killed a hornet
  6058 | D:6      | Reached skill level 4 in Ice Magic
  6058 | D:6      | Reached XP level 9. HP: 58/74 MP: 7/16
  6383 | D:6      | Found a burning altar of Makhleb.
  6487 | D:6      | Found a stormy altar of Qazlal.
  6488 | D:6      | Found a shimmering blue altar of Sif Muna.
  6488 | D:6      | Noticed Pikel
  6519 | D:6      | Killed Pikel
  6520 | D:6      | Reached skill level 8 in Unarmed Combat
  6520 | D:6      | Reached skill level 5 in Spellcasting
  6591 | D:6      | Reached skill level 5 in Ice Magic
  6756 | D:6      | Found Plog's Antique Armour Emporium.
  6920 | D:6      | Found an opulent altar of Gozag.
  6950 | D:6      | Found a staircase to the Ecumenical Temple.
  6965 | Temple   | Entered the Ecumenical Temple
  7007 | Temple   | Became a worshipper of Ru the Awakened
  7375 | D:7      | Reached skill level 6 in Fighting
  7543 | D:7      | Reached skill level 2 in Dodging
  7617 | D:7      | HP: 15/90 [wyvern (14)]
  7618 | D:7      | HP: 1/90 [wyvern (15)]
  7622 | D:7      | Reached skill level 6 in Transmutations
  7819 | D:7      | Noticed Menkaure
  7828 | D:7      | Killed Menkaure
  8007 | D:7      | HP: 23/93 [orc/+0 trident (3)]
  8208 | D:7      | You pick up a book of Armaments and begin reading...
  8208 | D:7      | You add the spells Stone Arrow and Lehudib's Crystal Spear
                  | to your library.
  8382 | D:7      | Found a runed translucent door.
  8383 | D:7      | Noticed Crazy Yiuf
  8459 | D:7      | Reached XP level 10. HP: 84/84 MP: 16/18
  8620 | D:7      | Reached skill level 9 in Unarmed Combat
  8729 | D:7      | Killed Crazy Yiuf
  9030 | D:8      | Reached skill level 6 in Ice Magic
  9079 | D:8      | Found a large runed translucent door.
  9080 | D:8      | Found a large runed translucent door.
  9107 | D:8      | Noticed Psyche
  9252 | D:8      | Killed Psyche
  9253 | D:8      | Reached skill level 3 in Dodging
  9265 | D:8      | Reached skill level 7 in Transmutations
  9820 | D:8      | Found a glowing silver altar of Zin.
  9823 | D:8      | Found an iron altar of Okawaru.
  9860 | D:9      | Found a staircase to the Lair.
  9911 | D:9      | You fall into a shaft and drop 3 floors!
  9999 | D:12     | Noticed a two-headed ogre
 10007 | D:12     | Killed a two-headed ogre
 10008 | D:12     | Reached skill level 6 in Spellcasting
 10086 | D:12     | Noticed a green ugly thing
 10094 | D:12     | Killed a green ugly thing
 10095 | D:12     | Reached skill level 7 in Fighting
 10157 | D:12     | You pick up a book of Touch and begin reading...
 10157 | D:12     | You add the spells Kiss of Death, Confusing Touch and
                  | Dispel Undead to your library.
 10368 | D:10     | Entered Level 10 of the Dungeon
 10374 | D:10     | Found Peweur's One-of-a-Kind Rings.
 10607 | D:9      | Noticed a two-headed ogre
 10616 | D:9      | Killed a two-headed ogre
 10617 | D:9      | Reached skill level 10 in Unarmed Combat
 10639 | D:9      | Reached skill level 8 in Transmutations
 10647 | D:9      | HP: 24/100 [wight/+0 war axe (3)]
 10983 | D:9      | Found a runed translucent door.
 10984 | D:9      | Noticed a sixfirhy
 11018 | D:9      | Found a staircase to the Orcish Mines.
 11142 | D:10     | Noticed a two-headed ogre
 11149 | D:10     | Killed a two-headed ogre
 11150 | D:10     | Reached skill level 4 in Dodging
 11150 | D:10     | Reached skill level 7 in Ice Magic
 11150 | D:10     | Reached XP level 11. HP: 55/92 MP: 8/20
 12574 | D:11     | Noticed a boulder beetle
 12601 | D:11     | HP: 19/110 [boulder beetle (15)]
 12603 | D:11     | Gained mutation: Potions are less effective at restoring
                  | your health. [Ru sacrifice]
 12606 | D:11     | Killed a boulder beetle
 12607 | D:11     | HP: 21/110 [centaur (3)]
 12612 | D:11     | HP: 16/111 [wraith (5)]
 12618 | D:11     | HP: 8/111 [centaur (1)]
 12983 | D:11     | Found a runed translucent door.
 13231 | D:11     | Reached skill level 9 in Transmutations
 13404 | D:11     | Noticed a tengu warrior
 13405 | D:11     | Noticed a tengu warrior
 13405 | D:11     | Noticed a two-headed ogre
 13409 | D:11     | Identified the amulet "Soubebeg" {Faith Will+ Str-4 Dex+8}
 13409 | D:11     | Noticed a centaur warrior
 13413 | D:11     | Killed a two-headed ogre
 13414 | D:11     | Reached skill level 8 in Fighting
 13415 | D:11     | Identified the ring "Yloevyr" {rC+ Will+ Str+2 Slay+4}
 13415 | D:11     | Noticed a centaur warrior
 13417 | D:11     | Noticed a death drake
 13419 | D:11     | Identified the ring of Hamios {rF+ Dex+4}
 13419 | D:11     | Noticed a centaur warrior
 13423 | D:11     | a death drake changed into a wind drake
 13424 | D:11     | Killed a centaur warrior
 13424 | D:11     | HP: 27/112 [centaur warrior (3)]
 13425 | D:11     | Reached skill level 7 in Spellcasting
 13427 | D:11     | Slain by a tengu warrior

Vanquished Creatures
  A centaur warrior (D:11)
  4 two-headed ogres
  A boulder beetle (D:11)
  Pikel (D:6)
  An ugly thing (D:12)
  A cyclops (D:11)
  Psyche (D:8)
  A komodo dragon (D:10)
  A kobold demonologist (D:11)
  3 trolls
  2 hornets
  8 yaks
  2 wyverns
  A vampire (D:11)
  2 wraiths
  Menkaure (D:7)
  An acid dragon (D:9)
  A water moccasin (D:5)
  3 black bears
  An ice beast (D:5)
  An orc warrior (D:7)
  2 ogres (D:5)
  2 sky beasts
  8 centaurs
  A lemure (D:6)
  2 phantoms
  6 kobold brigands (Sewer)
  3 bullfrogs
  3 scorpions
  9 wights
  6 killer bees (D:7)
  A howler monkey (D:7)
  8 crimson imps (D:11)
  3 hounds
  3 jellies
  2 orc priests
  Crazy Yiuf (D:7)
  A gnoll bouda (D:7)
  9 orc wizards
  Ijyb (D:5)
  4 iguanas
  10 adders
  7 gnolls
  5 river rats
  5 white imps
  An ufetubus (D:7)
  2 worms (D:4)
  5 dart slugs
  29 orcs
  6 ball pythons
  5 bats
  9 endoplasms
  4 goblins
  7 hobgoblins
  4 jackals (D:3)
  10 kobolds
  2 quokkas
  4 frilled lizards
  11 rats
239 creatures vanquished.

Vanquished Creatures (others)
  An orc wizard (D:8)
  An orc (D:8)
2 creatures vanquished.

Grand Total: 241 creatures vanquished

Table legend:
 A = Non-vault XP
 B = Vault XP
 C = Vault XP percentage of total XP
 D = Non-vault monster count
 E = Vault monster count
 F = Vault count percentage of total count
                 A         B        C        D         E       F
            +---------+---------+-------+---------+---------+-------
      Total |   14949 |    3876 |  20.6 |     179 |      60 |  25.1
            +---------+---------+-------+---------+---------+-------
        D:1 |      51 |       0 |   0.0 |      18 |       0 |   0.0
        D:2 |      17 |       4 |  19.0 |       9 |       2 |  18.2
        D:3 |      79 |       0 |   0.0 |      16 |       0 |   0.0
        D:4 |     642 |      14 |   2.1 |      22 |       2 |   8.3
        D:5 |     720 |     195 |  21.3 |      11 |      10 |  47.6
        D:6 |     799 |     629 |  44.0 |      14 |       1 |   6.7
        D:7 |    1838 |     401 |  17.9 |      35 |       4 |  10.3
        D:8 |     462 |     670 |  59.2 |      15 |       3 |  16.7
        D:9 |    1578 |       0 |   0.0 |       7 |       0 |   0.0
       D:10 |    2286 |       0 |   0.0 |      12 |       0 |   0.0
       D:11 |    4737 |    1245 |  20.8 |      17 |      10 |  37.0
       D:12 |    1740 |       0 |   0.0 |       3 |       0 |   0.0
      Sewer |       0 |     718 | 100.0 |       0 |      28 | 100.0
            +---------+---------+-------+---------+---------+-------

Illustrated notes

Table legend:
 A = Kills in this place as a percentage of kills in entire the game.
 B = Kills by you in this place as a percentage of kills by you in the entire game.
 C = Kills by friends in this place as a percentage of kills by friends in the entire game.
 D = Other kills in this place as a percentage of other kills in the entire game.
 E = Experience gained in this place as a percentage of experience gained in the entire game.
 F = Experience gained in this place divided by the number of levels of this place that you have seen.
                   A       B       C       D       E      F
               +-------+-------+-------+-------+-------+----------------------
         Total | 100.0 | 100.0 |   N/A | 100.0 | 100.0 | 1344.6
       Dungeon |  88.3 |  88.2 |   N/A | 100.0 |  96.2 | 1508.9
         Sewer |  11.7 |  11.8 |   N/A |   0.0 |   3.8 | 718.0
               +-------+-------+-------+-------+-------+----------------------

Table legend: (Time is in decaauts)
 A = Elapsed time spent in this place.
 B = Non-inter-level travel time spent in this place.
 C = Inter-level travel time spent in this place.
 D = Time resting spent in this place.
 E = Time spent auto-exploring this place.
 F = Levels seen in this place.
 G = Mean time per level.
                   A        B        C        D        E       F      G
               +--------+--------+--------+--------+--------+-----+--------+
         Total |  13536 |  13174 |    362 |    820 |  10069 |  14 |  966.9 |
       Dungeon |  12223 |  11873 |    350 |    820 |   9055 |  12 | 1018.6 |
        Temple |     55 |     43 |     12 |      0 |     28 |   1 |   55.0 |
         Sewer |   1256 |   1256 |      0 |      0 |    985 |   1 | 1256.0 |
               +--------+--------+--------+--------+--------+-----+--------+

Top non-repeatable levels by time:
     D:7: 1744 daAuts
    D:10: 1688 daAuts
     D:6: 1512 daAuts
     D:5: 1417 daAuts
   Sewer: 1256 daAuts
     D:4: 915 daAuts
    D:11: 892 daAuts
     D:3: 882 daAuts
     D:2: 767 daAuts
     D:8: 723 daAuts
     D:1: 716 daAuts
     D:9: 605 daAuts
    D:12: 357 daAuts
  Temple: 55 daAuts
